 Dungeon Crawl Stone Soup version bcrawl-1.38.2 (webtiles) character file.

Game seed: 11284665127480926860

17869190 Artagas the Champion of Chaos (level 27, 182/190 HPs)
             Began as a Hill Orc Archaeologist on Apr 24, 2023.
             Was the Champion of Makhleb.
             Escaped with the Orb
             ... and 4 runes on Apr 26, 2023!
             The game lasted 04:06:26 (62817 turns).

Artagas the Champion of Chaos (HOAc)               Turns: 62817, Time: 04:06:27

Health: 182/190    AC: 45    Str: 32    XL:     27
Magic:  40/40      EV: 12    Int: 17    God:    Makhleb [******]
Gold:   396        SH: 20    Dex: 10    Spells: 33/34 levels left

rFire    + . .     GDR:     40% b - +9 broad axe (freeze)
rCold    + + +     SeeInvis .   D - +3 medium shield of Ysown {Regen+ rCorr Stlth+}
rNeg     + + +     Gourm    .   K - +10 plate armour {rF+}
rPois    +         Faith    +   P - +2 hat {MR+}
rElec    +         Spirit   .   Z - +1 cloak "Rulick" {rN+ MR+}
rCorr    +         Reflect  .   T - +1 pair of gauntlets of War {Slay+6}
MR       +++++                  E - +5 pair of boots "Zelomp" {rF- rN+++ Str+2 Dex+3}
Stlth    ..........             O - amulet of the Archfiend {Faith +Inv rC+ MR++ Int-2}
HPRegen  0.81/turn              B - ring "Xushavuz" {rF+ rC+ Int+3}
MPRegen  0.27/turn              x - ring of Teur {rElec rPois rC+ Str+3}

@: no status effects
A: blurry vision 2, clever 1, clumsy 1, deterioration 2, frail 2, screaming 1
0: Orb of Zot
}: 4/15 runes: decaying, slimy, silver, gossamer
a: Minor Destruction, Hew, Major Destruction, Greater Servant of Makhleb,
Renounce Religion, Evoke Invisibility


You escaped.
You worshipped Makhleb.
Makhleb was exalted by your worship.
You were full.

You visited 12 branches of the dungeon, and saw 49 of its levels.
You also visited: Gauntlet and Wizlab.

You collected 7785 gold pieces.
You spent 7389 gold pieces at shops.

Inventory:

Hand Weapons
 a - a +7 double sword of draining
   (You found it on level 1 of the Lair of Beasts)
 b - a +9 broad axe of freezing (weapon)
   (You found it on level 5 of the Pits of Slime)
Missiles
 j - 243 javelins (quivered)
 u - 68 javelins of penetration {=f}
 U - 5 throwing nets {=f}
Armour
 f - the +0 pair of fencer's gloves {Riposte Dex+6}
   (You found it on level 4 of the Realm of Zot)

   It affects your dexterity (+6).
 D - the +3 medium shield of Ysown (worn) {Regen+ rCorr Stlth+}
   (You took it off Donald on level 3 of the Swamp)

   It increases your rate of regeneration.
   It provides partial protection from all sources of acid and corrosion.
   It makes you more stealthy.
 E - the +5 pair of boots "Zelomp" (worn) {rF- rN+++ Str+2 Dex+3}
   (You acquired it on level 3 of the Dungeon)

   It affects your strength (+2).
   It affects your dexterity (+3).
   It makes you vulnerable to fire.
   It renders you almost immune to negative energy.
 K - a +10 plate armour of fire resistance (worn)
   (You took it off Saint Roka in the Orcish Mines)
 P - a +2 hat of magic resistance (worn)
   (You found it on level 12 of the Dungeon)
 T - the +1 pair of gauntlets of War (worn) {Slay+6}
   (You bought it in a shop in the Orcish Mines)

   It affects your accuracy and damage with ranged weapons and melee attacks
   (+6).
 Z - the +1 cloak "Rulick" (worn) {rN+ MR+}
   (You bought it in a shop on level 3 of the Elven Halls)

   It protects you from negative energy.
   It affects your resistance to hostile enchantments.
Jewellery
 i - an uncursed ring of see invisible
   (You took it off a vampire on level 2 of the Crypt)
 k - the ring "Mesup" {+Blink rN+ Int+6}
   (You found it on level 12 of the Dungeon)

   [ring of intelligence]

   It affects your intelligence (+6).
   It protects you from negative energy.
   It lets you blink.
 m - the ring "Tavvah" {rF+ rN+ Stlth+}
   (You took it off a vampire on level 2 of the Crypt)

   [ring of positive energy]

   It protects you from fire.
   It protects you from negative energy.
   It makes you more stealthy.
 p - a +5 ring of protection
   (You found it on level 8 of the Dungeon)
 x - the ring of Teur (right hand) {rElec rPois rC+ Str+3}
   (You acquired it on level 1 of the Vaults)

   [ring of insulation]

   It affects your strength (+3).
   It protects you from cold.
   It insulates you from electricity.
   It protects you from poison.
 A - the ring "Biweyvown" {rElec rN+ Dex+7}
   (You took it off a vault guard on level 3 of the Vaults)

   [ring of positive energy]

   It affects your dexterity (+7).
   It insulates you from electricity.
   It protects you from negative energy.
 B - the ring "Xushavuz" (left hand) {rF+ rC+ Int+3}
   (You bought it in a shop on level 4 of the Dungeon)

   [ring of protection from fire]

   It affects your intelligence (+3).
   It protects you from fire.
   It protects you from cold.
 O - the amulet of the Archfiend (around neck) {Faith +Inv rC+ MR++ Int-2}
   (You acquired it on level 3 of the Spider Nest)

   [amulet of faith]

   It allows you to gain divine favour quickly.
   It affects your intelligence (-2).
   It protects you from cold.
   It affects your resistance to hostile enchantments.
   It lets you turn invisible.
Wands
 v - a wand of digging (44)
   (You found it on level 11 of the Dungeon)
 y - a wand of charming (27)
   (You found it on level 2 of the Lair of Beasts)
 C - a wand of clouds (11)
   (You found it on level 4 of the Lair of Beasts)
 L - a wand of paralysis (5)
   (You found it on level 8 of the Dungeon)
 R - a wand of iceblast (37)
   (You found it on level 4 of the Lair of Beasts)
 W - a wand of acid (16)
   (You found it on level 5 of the Lair of Beasts)
Scrolls
 c - 4 scrolls of immolation
 g - a scroll of magic mapping
 l - a scroll of noise
 r - 2 scrolls of silence
 t - 14 scrolls of teleportation
 z - 2 scrolls of blinking
 N - 7 scrolls of fear
 S - 8 scrolls of fog
 Y - 4 scrolls of summoning
Potions
 d - 4 potions of might
 h - 4 potions of haste
 n - 2 potions of resistance
 q - 18 potions of curing
 s - 9 potions of agility
 F - 11 potions of flight
 H - 10 potions of mutation
 I - 6 potions of lignification
 M - a potion of cancellation
 Q - 6 potions of berserk rage
 V - 3 potions of invisibility
Miscellaneous
 o - 4 phantom mirrors
 G - 4 boxes of beasts
 J - a lamp of fire
   (You found it on level 11 of the Dungeon)
Comestibles
 e - 57 rations {!d}


   Skills:
 - Level 18.0 Fighting
   Level 18.0 Short Blades
   Level 18.0 Long Blades
   Level 18.0 Axes
   Level 18.0 Maces & Flails
   Level 18.0 Polearms
   Level 18.0 Staves
 - Level 14.0 Throwing
 + Level 22.9 Armour
 + Level 13.3 Dodging
 - Level 2.6 Stealth
 + Level 20.1 Shields
   Level 18.0 Unarmed Combat
 - Level 4.0 Spellcasting
 - Level 5.0 Charms
 + Level 26.1 Invocations
 - Level 17.0 Evocations


You had 33 spell levels left.
You knew the following spells:

 Your Spells              Type           Power        Failure   Level  Hunger
a - Infusion              Chrm           ###.....     19%         1    None

Your spell library contained the following spells:

 Spells                   Type           Power        Failure   Level  Hunger
 Song of Slaying          Chrm           ###.....     28%         2    None
 Flaming Arrows           Chrm/Fire      ##......     63%         2    None
 Swiftness                Chrm/Air       ##......     63%         2    None
 Throw Frost              Conj/Ice       #.....       63%         2    None
 Apportation              Tloc           #.....       83%         1    None
 Beastly Appendage        Tmut           #.....       83%         1    None
 Corona                   Hex            #......      83%         1    None
 Flame Tongue             Conj/Fire      #....        83%         1    None
 Freeze                   Ice            #.....       83%         1    None
 Magic Dart               Conj           #...         83%         1    None
 Necrotize                Necr           #.....       83%         1    None
 Sandblast                Erth           #.....       83%         1    None
 Slow                     Hex            #.......     83%         1    None
 Static Discharge         Air            #.....       83%         1    None
 Summon Butterflies       Summ           #.......     83%         1    None
 Summon Small Mammal      Summ           #...         83%         1    None
 Ozocubu's Armour         Chrm/Ice       ##......     85%         3    ###....
 Regeneration             Chrm/Necr      ##........   85%         3    ###....
 Spectral Weapon          Hex/Chrm       ##......     85%         3    ###....
 Blink                    Tloc           N/A          92%         2    None
 Call Imp                 Summ           #.....       92%         2    None
 Corpse Rot               Necr           N/A          92%         2    None
 Ensorcelled Hibernation  Hex/Ice        #.....       92%         2    None
 Passwall                 Tmut/Erth      #.......     92%         2    None
 Poisonous Vapours        Pois/Air       #.....       92%         2    None
 Searing Ray              Conj           #.......     92%         2    None
 Shock                    Conj/Air       #......      92%         2    None
 Sticks to Snakes         Tmut           #.......     92%         2    None
 Beckoning                Tloc           #.........   99%         3    ###....
 Call Canine Familiar     Summ           #.......     99%         3    ###....
 Conjure Flame            Conj/Fire      #.......     99%         3    ###....
 False Image              Hex/Summ       #.......     99%         3    ###....
 Ignite Poison            Fire/Tmut/Pois #.......     99%         3    ###....
 Inner Flame              Hex/Fire       N/A          99%         3    ###....
 Iskenderun's Mystic Bla  Conj           #.......     99%         3    ###....
 Mephitic Cloud           Conj/Pois/Air  #.......     99%         3    ###....
 Spider Form              Tmut/Pois      #..          99%         3    ###....
 Stone Arrow              Conj/Erth      #.....       99%         3    ###....
 Tukima's Dance           Hex            #.......     99%         3    ###....
 Vampiric Draining        Necr           #.........   99%         3    ###....
 Agony                    Necr           #.......     100%        4    #####..
 Airstrike                Air            #.........   100%        4    #####..
 Animate Dead             Necr           N/A          100%        4    #####..
 Fulminant Prism          Conj/Hex       #.........   100%        4    #####..
 Ice Form                 Ice/Tmut       #.......     100%        4    #####..
 Lightning Bolt           Conj/Air       #.......     100%        4    #####..
 Olgreb's Toxic Radiance  Pois           #........    100%        4    #####..
 Petrify                  Tmut/Erth      #.........   100%        4    #####..
 Sticky Flame             Conj/Fire      #.......     100%        4    #####..
 Summon Ice Beast         Ice/Summ       #.......     100%        4    #####..
 Summon Scorpions         Summ/Pois      #.......     100%        4    #####..
 Throw Icicle             Conj/Ice       #.......     100%        4    #####..
 Tree Form                Hex/Tmut       N/A          100%        4    #####..
 Blade Hands              Tmut           #.........   100%        5    ######.
 Bolt of Magma            Conj/Fire/Erth #.........   100%        5    ######.
 Dispel Undead            Necr           #.......     100%        5    ######.
 Fireball                 Conj/Fire      #.........   100%        5    ######.
 Freezing Cloud           Ice/Air        #.......     100%        5    ######.
 Irradiate                Conj/Tmut      #.........   100%        5    ######.
 Iskenderun's Battlesphe  Conj/Chrm      ##......     100%        5    ######.
 Lee's Rapid Deconstruct  Erth           #.........   100%        5    ######.
 Metabolic Englaciation   Hex/Ice        #.........   100%        5    ######.
 Silence                  Hex/Air        #.........   100%        5    ######.
 Steam Barrier            Chrm/Fire      ##........   100%        5    ######.
 Summon Lightning Spire   Summ/Air       #.......     100%        5    ######.
 Summon Mana Viper        Hex/Summ       #.......     100%        5    ######.
 Borgnjor's Vile Clutch   Necr/Erth      #.........   100%        6    #######
 Conjure Ball Lightning   Conj/Air       #.........   100%        6    #######
 Darkness                 Hex            #.........   100%        6    #######
 Death Channel            Chrm/Necr      ##........   100%        6    #######
 Deflect Missiles         Chrm/Air       ##........   100%        6    #######
 Infestation              Hex/Tmut/Pois  #........    100%        6    #######
 Invisibility             Hex            #.......     100%        6    #######
 Summon Hydra             Summ           #.........   100%        6    #######
 Icicle Burst             Conj/Ice       #.........   100%        7    #######
 Mana Rupture             Conj/Hex       #.........   100%        7    #######
 Monstrous Menagerie      Summ           #.........   100%        7    #######
 Orb of Destruction       Conj           #.........   100%        7    #######
 Shadow Creatures         Summ           N/A          100%        7    #######
 Chain Lightning          Conj/Air       #.........   100%        8    #######
 Glaciate                 Conj/Ice/Air   #.........   100%        8    #######
 Lehudib's Crystal Spear  Conj/Erth      #.........   100%        8    #######
 Time Stop                Chrm/Tloc      N/A          100%        8    #######
 Tornado                  Tloc/Air       #.........   100%        8    #######
 Fire Storm               Conj/Fire      #.........   100%        9    #######
 Passage of Golubria      Tloc           Unusable     N/A         5    N/A

Dungeon Overview and Level Annotations

Branches:
Dungeon (12/12)            Temple (1/1) D:7            Lair (6/6) D:9
  Swamp (3/3) Lair:3       Spider (3/3) Lair:2        Slime (5/5) Lair:5
    Orc (1/1) D:11            Elf (3/3) Orc          Vaults (3/3) D:12
  Crypt (2/2) Vaults:2       Tomb (0/3) Crypt:2      Depths (5/5) D:12
    Zot (5/5) Depths:5

Altars:
Ashenzari
Cheibriados
Dithmenos
Elyvilon
Fedhas
Gozag
Hepliaklqana
Kikubaaqudgha
Lugonu
Makhleb
Nemelex Xobeh
Okawaru
Qazlal
Ru
Sif Muna
Trog
Uskayaw
Vehumet
Wu Jian
Xom
Yredelemnul
Zin
The Shining One
Jiyva

Shops:
D:4 =   D:6 ?*   D:7 *   Orc :**[(   Elf:2 ?}?[   Elf:3 [   Vaults:1 }
Depths:1 !(%(   Depths:3 ?*

Portals:
Hell: Depths:1 Depths:2
Abyss: Depths:1
Pandemonium: Depths:3 Depths:4

Annotations:
Lair:4 exclusion: 2 oklob plants
Swamp:2 3 runed translucent doors, Iffuusoj's ghost, adept MiBe; Ricegish's ghost, adept GnFi; reggie's ghost, journeyman DrWz


Innate Abilities, Weirdness & Mutations

Scrolls take you longer to read.
Your mind is acute. (Int +2)
You are clumsy. (Dex -2)
Your body often deteriorates upon taking damage.
You are very frail. (-20% HP)
You occasionally shout uncontrollably at your foes.


Message History

You block the Executioner's attack. x2
The Executioner hits you but does no damage.
Your balrug hits the Executioner with a +0 demon blade of venom!!!
The Executioner dies!
Makhleb accepts your kill.
The large abomination closely misses your balrug.
Your balrug hits the sixfirhy with a +0 demon blade of venom!!
The sixfirhy is engulfed in flames!!
The sixfirhy dies!
Makhleb accepts your kill.
The cacodemon gestures at the rock wall.
Some rock shatters into small pieces.
The large abomination misses your balrug.
Your balrug hits the large abomination with a +0 demon blade of venom!!!
The large abomination is engulfed in flames!!
The large abomination is destroyed!
Makhleb accepts your kill.
You hear a grinding noise.
You hear a grinding noise.
There is a stone staircase leading up here.
You climb upwards.
There is a stone staircase leading down, spattered with blood here.
(D) Dungeon (T) Temple (L) Lair (S) Swamp (N) Spider Nest (M) Slime Pits (O) Orcish Mines (E) Elven Halls (V) Vaults (C) Crypt (W) Tomb (U) Depths (H) Hell (Z) Zot
Where to? (Enter - D:1 @ (x,y), ? - help)
Okay, then.
(D) Dungeon (T) Temple (L) Lair (S) Swamp (N) Spider Nest (M) Slime Pits (O) Orcish Mines (E) Elven Halls (V) Vaults (C) Crypt (W) Tomb (U) Depths (H) Hell (Z) Zot
Where to? (Enter - D:1 @ (x,y), ? - help)
What level of the Dungeon? (default 1, ? - help)
There is an open door here.
You see here a +0 dagger.
HP restored.
There is a stone staircase leading up here.
You climb upwards.
There is a stone staircase leading down here.
There is a stone staircase leading up here.
You climb upwards.
There is a stone staircase leading down here.
There is a stone staircase leading up here.
You climb upwards.
There is a stone staircase leading down here.
There is an escape hatch in the floor here.
There is a stone staircase leading up here.
You climb upwards.
There is a stone staircase leading down here.
There is an escape hatch in the ceiling here.
A mysterious force pulls you upwards. The hatch slams shut behind you.
The troll shouts!
The troll is too close now for your liking.
There is a stone staircase leading up here.
A rune on the stairs sparks and fizzles.
You climb upwards.
There is a stone staircase leading down here.
(D) Dungeon (T) Temple (L) Lair (S) Swamp (N) Spider Nest (M) Slime Pits (O) Orcish Mines (E) Elven Halls (V) Vaults (C) Crypt (W) Tomb (U) Depths (H) Hell (Z) Zot
Where to? (Enter - D:1 @ (x,y), ? - help)
What level of the Dungeon? (default 1, ? - help)
There is a stone staircase leading up here.
You climb upwards.
There is a stone staircase leading down here.
A hellwing and 3 smoke demons come into view.
The smoke demon roars! x3
There is a stone staircase leading up here.
You open the smoke demon like a pillowcase!!!
You freeze the smoke demon!
You kill the smoke demon!
Makhleb accepts your kill. The smoke demon gestures at you.
Something smites you! The hellwing misses you. You block the hellwing's attack.
There is a stone staircase leading up here.
You block the hellwing's attack. x2
You climb upwards.
There is a stone staircase leading down here.
You slice the hellwing!! You freeze the hellwing!
The hellwing is severely wounded.
You block the hellwing's attack. x2
You slice the hellwing!! You freeze the hellwing.
You kill the hellwing!
Makhleb accepts your kill.
You feel better.
(D) Dungeon (T) Temple (L) Lair (S) Swamp (N) Spider Nest (M) Slime Pits (O) Orcish Mines (E) Elven Halls (V) Vaults (C) Crypt (W) Tomb (U) Depths (H) Hell (Z) Zot
Where to? (Enter - D:1 @ (x,y), ? - help)
You enter the shallow water.
Moving in this stuff is going to be slow.
There is a large open door here.
There is a staircase leading out of the dungeon here.
A demon appears!
The power of the Orb breaks the dimensional shunt like a soap bubble!
You have escaped!

##.##....##### #..#
#.##.......# #..#
#.##...###.# #..#
###.##...###.# #..#
#≈≈≈≈≈§§≈≈≈#.#####..#
#≈8≈≈§≈§≈8≈.........#
#≈≈8≈≈§≈8≈≈.....#####
#≈≈≈####≈§≈§.##.#
#≈≈≈2@.+≈≈§§.##.#
#§§≈'..+≈≈§.§##.#
#≈§≈####≈≈≈..##.#
##########
#≈§8≈≈≈≈8≈≈..##.#
.........#
#≈8≈≈§≈≈≈8≈####.#
########.#
#≈≈≈≈≈§≈≈≈≈####.# #.#
#.##.###........# #.#
#.##.# #.########
#.###.##.###.#


You could see a friendly balrug.

Vanquished Creatures
  the Royal Jelly (Slime:5)
  4 orbs of fire (Zot:5)
  4 ancient liches (Zot:5)
  the Lernaean hydra (Swamp:3)
  Saint Roka (Orc)
  Boris (Depths:4)
  5 golden dragons
  3 Killer Klowns (Zot:5)
  Arachne (Spider:3)
  Gastronok (D:9)
  2 curse toes (Zot:4)
  A rockslime (Depths:1)
  A bone dragon (Depths:5)
  5 electric golems
  Jorgrun (Elf:2)
  A shard shrike zombie (Crypt:1)
  11 tentacled monstrosities
  A lich (Crypt:2)
  28 Orb Guardians
  A titan (Vaults:3)
  4 quicksilver dragons
  3 deep elf blademasters
  A deep elf master archer (Elf:3)
  18 acid blobs
  3 ancient champions (Crypt:2)
  3 sphinxes
  A thorn hunter (Swamp:2)
  9 ghouls
  An Executioner (Zot:1)
  6 death cobs
  6 draconian monks
  5 storm dragons
  3 shadow dragons
  2 tengu reavers (Vaults:3)
  Donald (Swamp:3)
  2 war gargoyles (Vaults:3)
  4 fire giants
  2 revenants (Crypt:2)
  4 ghost moths
  4 frost giants
  11 azure jellies
  10 deep elf sorcerers
  Louise (Depths:1)
  4 draconian knights
  3 orc warlords
  Aizul (Spider:2)
  A deep elf elementalist (Elf:3)
  11 stone giants
  2 emperor scorpions (Spider:3)
  4 spriggan defenders
  12 vault wardens
  2 draconian stormcallers
  6 draconian scorchers
  16 vampire knights
  5 draconian annihilators
  4 draconian shifters
  19 very ugly things
  11 ironheart preservers
  5 jiangshi (Crypt:2)
  7 green draconians
  14 dire elephants
  17 purple draconians
  6 deep elf annihilators
  3 deep elf demonologists
  2 entropy weavers
  5 spark wasps
  5 yellow draconians
  10 black draconians
  A minotaur (Gauntlet)
  6 white draconians
  A red draconian (Zot:1)
  The ghost of Tiareth the Thaumaturge, a journeyman DgWz of Demigod (Lair:2)
  3 eidola
  9 statues (WizLab)
  13 ettins
  A quicksilver dragon zombie (Crypt:2)
  7 deep elf death magi
  Josephine (Lair:5)
  A green death (Depths:4)
  7 fire dragons
  6 yaktaur captains
  6 deep elf high priests
  A hell beast (Depths:5)
  5 rakshasas
  14 hydras
  29 vault guards
  3 ice dragons
  2 ghost crabs
  5 great orbs of eyes
  A catoblepas (D:8)
  An anaconda (Lair:6)
  5 spriggan air magi
  5 death knights
  4 deep troll shamans
  3 shambling mangroves
  3 death oozes
  3 shadow wraiths
  3 vampire magi
  8 ogre magi
  27 two-headed ogres
  6 alligators
  3 deep troll earth magi
  An orc high priest (Elf:1)
  5 tengu warriors
  24 dancing weapons
  7 spriggan berserkers
  Nergalle (D:11)
  2 death yaks (Lair:4)
  14 deep trolls
  3 ironheart beastmasters (Vaults:1)
  21 centaur warriors
  3 storm dragon zombies (Crypt:2)
  20 deep elf knights
  3 soul eaters
  6 sixfirhies
  7 hell knights
  27 skeletal warriors
  A goliath frog (Swamp:2)
  A flayed ghost (Vaults:3)
  A golden dragon zombie (Crypt:2)
  7 deep elf archers
  A torturous demonspawn (Zot:3)
  2 spriggan druids (Swamp:3)
  3 glowing orange brains
  6 wizards
  2 anaconda zombies (Crypt:2)
  5 swamp dragons
  7 ironheart convokers
  18 phantasmal warriors
  A shadow dragon zombie (Crypt:2)
  A lindwurm (Lair:4)
  10 orb spiders
  A cyclops (shapeshifter) (Vaults:3)
  A sphinx zombie (Crypt:1)
  7 necromancers
  3 cyclopes
  5 orc knights
  15 wolf spiders
  55 deep elf magi
  2 stone giant zombies (Crypt:2)
  A fire giant zombie (Crypt:2)
  2 frost giant zombies
  A sphinx skeleton (Depths:1)
  A salamander (Depths:4)
  A faun (shapeshifter) (D:12)
  5 orc sorcerers
  A manticore (shapeshifter) (Elf:1)
  2 manticores
  3 shining eyes
  25 elephants
  32 ugly things
  5 moths of wrath
  3 black mambas
  6 will-o'-wisps (Swamp:1)
  A rust devil (Depths:5)
  2 smoke demons
  12 vault sentinels
  A frost giant skeleton (Crypt:2)
  A black mamba (shapeshifter) (Vaults:2)
  An alligator snapping turtle zombie (Crypt:2)
  Joseph (D:7)
  3 torpor snails
  16 cane toads
  A cane toad (shapeshifter) (Depths:1)
  6 rime drakes
  2 large abominations
  13 komodo dragons
  50 yaktaurs
  7 demonic crawlers
  13 flying skulls
  15 jumping spiders
  3 tengu conjurers
  An eye of draining (D:9)
  11 freezing wraiths
  A rime drake (shapeshifter) (Vaults:3)
  A hellwing (D:1)
  A harpy zombie (D:12)
  A queen bee (Spider:2)
  8 trolls
  An iron troll skeleton (Crypt:2)
  7 tyrant leeches
  The ghost of lukessrichardson1 the Chopper, an amateur DsBe of Trog (D:6)
  6 meliai
  A moth of wrath zombie (Crypt:2)
  2 polar bears
  8 blink frogs
  A raiju (shapeshifter) (Depths:2)
  3 ettin zombies
  15 hornets
  88 slime creatures
  2 harpy skeletons
  An ice dragon zombie (Crypt:2)
  10 bog bodies
  10 hippogriffs
  An alligator zombie (Crypt:2)
  A frost giant simulacrum (Vaults:1)
  3 meliai zombies (D:10)
  Sigmund (D:5)
  3 shadows
  24 vampires
  9 wraiths
  A ynoxinul (Depths:4)
  2 tarantellas
  A wyvern (D:11)
  54 yaks
  A fire bat (shapeshifter) (Elf:1)
  4 spriggans
  A wyvern (shapeshifter) (Vaults:3)
  3 water elementals
  Eustachio (D:5)
  An elf zombie (Vaults:1)
  5 basilisks
  6 hungry ghosts
  9 vampire mosquitoes
  5 golden eyes (Slime:5)
  3 fire elementals
  41 redbacks
  A yaktaur simulacrum (Vaults:3)
  10 swamp worms
  7 wargs
  A jumping spider zombie (Crypt:1)
  7 crocodiles
  Duvessa (D:7)
  An acid dragon (shapeshifter) (Vaults:1)
  4 acid dragons
  A hydra simulacrum (Lair:2)
  2 water moccasins
  A water moccasin (shapeshifter) (Vaults:1)
  A swamp worm (shapeshifter) (Vaults:1)
  6 porcupines
  A hell hound (Depths:5)
  4 floating eyes
  29 orc warriors
  2 sky beasts
  9 swamp drakes
  3 ice beasts
  3 hornet zombies
  A fire dragon simulacrum (Crypt:2)
  A snapping turtle zombie (Crypt:2)
  20 ogres
  A phantom (D:8)
  4 necrophages (Crypt:1)
  13 boggarts
  42 wolves
  An elf simulacrum (Vaults:1)
  2 kobold brigands
  10 bullfrogs
  A hog skeleton (Crypt:1)
  A salamander zombie (Crypt:2)
  2 earth elementals
  A cane toad simulacrum (Lair:2)
  7 centaurs
  A cyclops skeleton (Crypt:1)
  5 scorpions
  12 killer bees
  3 wights (D:8)
  An elephant simulacrum (Lair:2)
  A human simulacrum (Vaults:1)
  A raiju skeleton (Crypt:1)
  4 howler monkeys (D:9)
  A howler monkey (shapeshifter) (Depths:5)
  7 orc priests
  11 crimson imps
  A komodo dragon simulacrum (Lair:2)
  3 bullfrog skeletons
  5 hounds
  3 jellies
  A water moccasin simulacrum (Lair:2)
  9 orc wizards
  An iguana (D:12)
  9 worker ants
  A hound zombie (D:6)
  3 hound skeletons
  A howler monkey zombie (D:5)
  9 adders
  2 crocodile simulacra (Lair:2)
  4 gnolls
  An ooze (D:5)
  5 adder skeletons
  3 worms
  3 dart slugs
  2 leopard geckos
  70 orcs
  8 bats
  2 giant cockroaches
  9 hobgoblins
  6 jackals
  4 quokkas
  A ball python (D:3)
  2 frilled lizards
  A frilled lizard (shapeshifter) (Vaults:3)
  A jackal zombie (Crypt:2)
  15 kobolds
  An orc zombie (Crypt:1)
  A quokka skeleton (Crypt:1)
  3 rats
  3 plants (Lair:6)
1883 creatures vanquished.

Vanquished Creatures (collateral kills)
  Bai Suzhen (Vaults:3)
  Jory (Crypt:2)
  Frances (Elf:2)
  A Shadow Fiend (Zot:5)
  A titan (Vaults:3)
  A deep elf blademaster (Elf:3)
  A death cob (Zot:4)
  An Executioner (D:10)
  A thorn hunter (Swamp:3)
  2 azure jellies (Slime:5)
  A cacodemon (Zot:5)
  A draconian knight (Zot:4)
  2 ghost moths
  2 vault wardens
  An emperor scorpion (Spider:3)
  2 vampire knights (Crypt:2)
  A white draconian (Zot:4)
  An ettin (Vaults:3)
  A spark wasp (Spider:3)
  3 vault guards (Vaults:3)
  A rakshasa (Vaults:3)
  9 hydras
  2 shambling mangroves (Swamp:1)
  2 ogre magi
  A death ooze (Slime:5)
  An alligator (Swamp:1)
  4 two-headed ogres
  A death knight (Vaults:3)
  2 vampire magi (Crypt:2)
  A sixfirhy (D:10)
  4 deep elf knights
  A skeletal warrior (Crypt:2)
  A spriggan druid (Swamp:2)
  2 ironheart convokers (Vaults:2)
  4 swamp dragons (Swamp:3)
  A phantasmal warrior (Crypt:2)
  5 wolf spiders
  4 deep elf magi
  2 orc knights (Orc)
  An orc sorcerer (Orc)
  5 orb spiders (Spider:3)
  An orange demon (Zot:5)
  A freezing wraith (Vaults:2)
  3 jumping spiders (Spider:3)
  A demonic crawler (Spider:3)
  5 yaktaurs
  A troll (Orc)
  A tyrant leech (Swamp:1)
  A bog body (Swamp:3)
  11 hornets
  3 slime creatures (Swamp:3)
  A tarantella (Spider:3)
  4 vampires (Crypt:2)
  2 spriggans (Swamp:1)
  5 vampire mosquitoes
  5 redbacks (Spider:3)
  2 wargs (Orc)
  4 swamp worms
  A large abomination (D:10)
  9 orc warriors (Orc)
  2 swamp drakes (Swamp:3)
  6 ogres
  2 orc priests (Orc)
  An orc wizard (Orc)
  3 orcs (Orc)
155 creatures vanquished.

Vanquished Creatures (others)
  A death cob (Zot:4)
  A deep elf demonologist (Elf:3)
  A dire elephant (Vaults:1)
  A deep elf high priest (Elf:3)
  An ice dragon (Depths:1)
  A deep elf knight (Elf:1)
  A cyclops (Orc)
  A deep elf mage (WizLab)
  2 moths of wrath (Zot:5)
  A yaktaur (Vaults:3)
  An orc warrior (Orc)
  3 centaurs (Lair:3)
  61 fungi
  90 plants
  4 withered plants (Swamp:2)
170 creatures vanquished.

Grand Total: 2208 creatures vanquished

Notes
Turn   | Place    | Note
-------+----------+-------------------------------------------
     0 | D:1      | Artagas the Hill Orc Archaeologist began the quest for the
                  | Orb.
     0 | D:1      | Reached XP level 1. HP: 16/16 MP: 1/1
   240 | D:1      | Reached XP level 2. HP: 24/24 MP: 2/2
   259 | D:1      | Reached skill level 2 in Fighting
  1084 | D:2      | Reached XP level 3. HP: 30/30 MP: 3/3
  1239 | D:2      | Noticed an angel
  1240 | D:2      | Found a glowing silver altar of Zin.
  1241 | D:2      | Found a shimmering altar of Xom.
  1690 | D:3      | Reached skill level 3 in Fighting
  1877 | D:3      | Reached XP level 4. HP: 38/38 MP: 4/4
  2719 | D:3      | Found a white marble altar of Elyvilon.
  2775 | D:3      | Noticed an ogre
  2800 | D:3      | Killed an ogre
  2801 | D:3      | Reached skill level 4 in Fighting
  2801 | D:3      | Reached skill level 2 in Armour
  2801 | D:3      | Reached skill level 1 in Throwing
  2801 | D:3      | Reached XP level 5. HP: 46/46 MP: 5/5
  2801 | D:3      | Identified a scroll of acquirement
  2801 | D:3      | Identified the +5 pair of boots "Zelomp" {rF- rN+++ Str+2
                  | Dex+3} (You acquired it on level 3 of the Dungeon)
  2989 | D:4      | Noticed an ogre
  2999 | D:4      | Killed an ogre
  3000 | D:4      | Reached skill level 2 in Throwing
  3000 | D:4      | Reached skill level 3 in Armour
  3000 | D:4      | Reached XP level 6. HP: 41/52 MP: 6/6
  3257 | D:4      | Found Bic Femi's Jewellery Emporium.
  3753 | D:4      | Reached skill level 5 in Fighting
  3807 | D:5      | Entered Level 5 of the Dungeon
  3876 | D:5      | Reached XP level 7. HP: 56/61 MP: 7/7
  4201 | D:5      | Noticed Sigmund
  4223 | D:5      | Killed Sigmund
  4224 | D:5      | Reached skill level 6 in Fighting
  4311 | D:5      | Noticed a troll
  4631 | D:5      | Noticed Eustachio
  4646 | D:5      | Reached skill level 1 in Shields
  4666 | D:5      | Killed Eustachio
  4667 | D:5      | Reached skill level 3 in Throwing
  4667 | D:5      | Reached skill level 4 in Armour
  4667 | D:5      | Reached skill level 2 in Shields
  4667 | D:5      | Reached XP level 8. HP: 45/70 MP: 8/8
  4783 | D:5      | Reached skill level 3 in Shields
  5094 | D:6      | Found a runed translucent door.
  5094 | D:6      | Found a shimmering altar of Xom.
  5094 | D:6      | Noticed lukessrichardson1's ghost (amateur DsBe)
  5095 | D:6      | Noticed a +0 short sword of chaos
  5132 | D:6      | Reached skill level 4 in Shields
  5311 | D:6      | Found Gytup Vuh's Magic Scroll Shop.
  5314 | D:6      | Found Ofulese's General Store.
  5321 | D:6      | Bought a scroll of identify for 28 gold pieces
  5321 | D:6      | Bought a scroll of remove curse for 42 gold pieces
  5321 | D:6      | Bought a scroll of identify for 28 gold pieces
  5321 | D:6      | Bought a scroll of fog for 28 gold pieces
  5321 | D:6      | Bought a scroll of teleportation for 42 gold pieces
  5321 | D:6      | Bought a scroll of fog for 28 gold pieces
  5321 | D:6      | Bought a scroll of identify for 28 gold pieces
  5340 | D:6      | Reached skill level 7 in Fighting
  5411 | D:6      | Bought a scroll of fear for 70 gold pieces
  5784 | D:6      | Found a glowing golden altar of the Shining One.
  5829 | D:7      | Reached skill level 5 in Armour
  5910 | D:7      | Reached XP level 9. HP: 79/79 MP: 9/9
  5955 | D:7      | Noticed Duvessa
  5977 | D:7      | Killed Duvessa
  6027 | D:7      | Found a sparkling altar of Nemelex Xobeh.
  6123 | D:7      | Noticed a troll
  6140 | D:7      | Killed a troll
  6141 | D:7      | Reached skill level 8 in Fighting
  6141 | D:7      | Reached skill level 2 in Spellcasting
  6143 | D:7      | Learned a level 1 spell: Infusion
  6213 | D:7      | Noticed Joseph
  6631 | D:7      | Reached skill level 1 in Charms
  6769 | D:7      | Found a staircase to the Ecumenical Temple.
  6973 | D:7      | Reached skill level 3 in Spellcasting
  6973 | D:7      | Reached skill level 2 in Charms
  7011 | D:7      | Found Viluaw's General Store.
  7257 | D:7      | Killed Joseph
  7258 | D:7      | Reached skill level 4 in Charms
  7394 | D:7      | Bought a potion of curing for 37 gold pieces
  7394 | D:7      | Bought a scroll of identify for 30 gold pieces
  7507 | D:8      | Noticed a troll
  7545 | D:8      | Killed a troll
  7674 | D:8      | Noticed a two-headed ogre
  7686 | D:8      | Killed a two-headed ogre
  7687 | D:8      | Reached skill level 9 in Fighting
  7687 | D:8      | Reached skill level 3 in Evocations
  7687 | D:8      | Reached XP level 10. HP: 91/91 MP: 14/14
  7906 | D:7      | Reached skill level 6 in Armour
  8001 | D:8      | Found a snail-covered altar of Cheibriados.
  8045 | D:8      | Found a shadowy altar of Dithmenos.
  8269 | D:8      | Noticed a cyclops
  8269 | D:8      | Noticed a centaur warrior
  8285 | D:8      | Found a transporter.
  8285 | D:8      | Found a transporter.
  8286 | D:8      | Noticed a catoblepas
  8823 | Temple   | Entered the Ecumenical Temple
  9072 | Temple   | Became a worshipper of Makhleb the Destroyer
  9277 | D:9      | Noticed a two-headed ogre
  9336 | D:8      | Reached skill level 1 in Invocations
  9417 | D:8      | Reached skill level 2 in Invocations
  9560 | D:8      | Reached skill level 3 in Invocations
  9600 | D:8      | Reached skill level 4 in Invocations
  9731 | D:9      | Killed a two-headed ogre
  9732 | D:9      | Reached skill level 10 in Fighting
  9732 | D:9      | Reached skill level 6 in Invocations
  9746 | D:9      | Reached XP level 11. HP: 59/99 MP: 9/15
  9746 | D:9      | Noticed a cyclops
  9859 | D:9      | Reached skill level 5 in Charms
 10255 | D:9      | Reached * piety under Makhleb
 10377 | D:9      | Found a blossoming altar of Fedhas.
 10612 | D:9      | Noticed a two-headed ogre
 10636 | D:9      | Killed a two-headed ogre
 10724 | D:9      | Found a staircase to the Lair.
 10753 | D:9      | Killed a cyclops
 10810 | D:9      | Reached skill level 11 in Fighting
 11331 | D:9      | Reached skill level 4 in Throwing
 11415 | Lair:1   | Entered Level 1 of the Lair of Beasts
 11704 | D:9      | Reached skill level 5 in Throwing
 11810 | Lair:1   | Noticed an eight-headed hydra
 12311 | Lair:2   | Reached skill level 7 in Armour
 12321 | Lair:2   | Reached ** piety under Makhleb
 12384 | Lair:2   | Reached skill level 7 in Invocations
 12518 | Lair:2   | Reached skill level 8 in Invocations
 12802 | Lair:2   | Reached XP level 12. HP: 91/110 MP: 15/18
 13073 | Lair:2   | Reached skill level 12 in Fighting
 13249 | Lair:2   | Reached skill level 8 in Armour
 13274 | Lair:2   | Noticed a dire elephant
 13310 | Lair:2   | Killed a dire elephant
 13501 | Lair:2   | Found a runed translucent gate.
 13501 | Lair:2   | Found a runed translucent gate.
 13566 | Lair:2   | Reached skill level 13 in Fighting
 13633 | Lair:2   | Found a hole to the Spider Nest.
 13756 | Lair:2   | Found a runed translucent gate.
 13797 | Lair:2   | Reached *** piety under Makhleb
 13849 | Lair:2   | Noticed Tiareth's ghost (journeyman DgWz)
 14214 | Lair:3   | Reached XP level 13. HP: 122/122 MP: 19/19
 14396 | D:4      | Bought the ring "Xushavuz" {rF+ rC+ Int+3} for 543 gold
                  | pieces
 14821 | Lair:3   | Reached skill level 14 in Fighting
 14849 | Lair:3   | Found a glowing golden altar of the Shining One.
 15045 | Lair:3   | Found a staircase to the Swamp.
 15060 | Lair:3   | Reached skill level 9 in Invocations
 15671 | Lair:4   | Reached skill level 10 in Invocations
 15689 | Lair:4   | Found a gate leading to a gauntlet.
 15730 | Gauntlet | Entered a Gauntlet
 15730 | Gauntlet | Found a transporter.
 15730 | Gauntlet | Found a transporter.
 15788 | Gauntlet | Found a transporter.
 15798 | Gauntlet | Found a transporter.
 15808 | Gauntlet | Found a transporter.
 15808 | Gauntlet | Found a transporter.
 15826 | Gauntlet | Found a transporter.
 15833 | Gauntlet | Found a transporter.
 15845 | Gauntlet | Found a transporter.
 15858 | Gauntlet | Found a transporter.
 15867 | Gauntlet | Found a transporter.
 15881 | Gauntlet | Found a transporter.
 15920 | Gauntlet | Found a transporter.
 15935 | Gauntlet | Found a transporter.
 16034 | Gauntlet | Found a transporter.
 16049 | Gauntlet | Found a transporter.
 16375 | Gauntlet | Got a brightly glowing hat
 16414 | Gauntlet | Reached **** piety under Makhleb
 16628 | Gauntlet | Got a pair of twisted boots
 16651 | Gauntlet | Identified the cursed ring "Cyihaef" {*Drain +Inv rC+++ MR-
                  | Stlth--}
 16651 | Gauntlet | Noticed a minotaur
 16664 | Gauntlet | Killed a minotaur
 16726 | Lair:4   | Identified the +2 pair of boots "Ipnamudi" {rC+ Slay+2
                  | Stlth-} (You found it in a Gauntlet)
 16736 | Lair:4   | Identified the +0 hat of Womeqyj {Int+2} (You found it in a
                  | Gauntlet)
 16933 | D:7      | Bought a scroll of identify for 30 gold pieces
 16955 | D:6      | Bought 3 scrolls of identify for 84 gold pieces
 17164 | Lair:1   | Reached skill level 15 in Fighting
 17184 | Lair:1   | Reached skill level 9 in Armour
 17189 | Lair:1   | Reached XP level 14. HP: 85/135 MP: 12/21
 17774 | Lair:4   | Reached skill level 11 in Invocations
 18635 | Lair:5   | Found a staircase to the Slime Pits.
 18636 | Lair:5   | Found a viscous altar of Jiyva.
 19026 | Lair:5   | Noticed Josephine
 19053 | Lair:5   | Killed Josephine
 19409 | Lair:6   | Entered Level 6 of the Lair of Beasts
 19603 | Lair:6   | Reached skill level 16 in Fighting
 20701 | Lair:6   | Noticed a dire elephant
 20713 | Lair:6   | Killed a dire elephant
 20748 | Lair:6   | Noticed a dire elephant
 20748 | Lair:6   | Noticed a dire elephant
 20767 | Lair:6   | Killed a dire elephant
 20769 | Lair:6   | Killed a dire elephant
 20814 | Lair:6   | Got a slimy whip
 20815 | Lair:6   | Identified the cursed +2 whip of Chagrin {freeze, rC+} (You
                  | found it on level 6 of the Lair of Beasts)
 20939 | Lair:6   | Reached skill level 12 in Invocations
 20942 | Lair:6   | Reached skill level 10 in Armour
 20991 | Lair:6   | Noticed a dire elephant
 21008 | Lair:6   | Killed a dire elephant
 21049 | Lair:6   | Noticed a dire elephant
 21056 | Lair:6   | Killed a dire elephant
 21057 | Lair:6   | Reached skill level 4 in Evocations
 21070 | Lair:6   | Noticed a dire elephant
 21081 | Lair:6   | Killed a dire elephant
 21322 | D:10     | Entered Level 10 of the Dungeon
 21333 | D:10     | Reached skill level 5 in Evocations
 21373 | D:10     | Noticed Gastronok
 21390 | D:9      | Killed Gastronok
 21391 | D:9      | Reached skill level 6 in Evocations
 21391 | D:9      | Reached XP level 15. HP: 129/144 MP: 14/24
 21918 | D:10     | Reached ***** piety under Makhleb
 21960 | D:10     | Reached skill level 11 in Armour
 22979 | D:11     | Reached skill level 13 in Invocations
 23021 | D:11     | Noticed Nergalle
 23030 | D:11     | Killed Nergalle
 23152 | D:11     | Found a staircase to the Orcish Mines.
 23630 | D:12     | Entered Level 12 of the Dungeon
 23643 | D:12     | Reached skill level 14 in Invocations
 23824 | D:12     | Found a staircase to the Depths.
 23913 | D:12     | Reached skill level 5 in Shields
 23982 | D:12     | Found a gate to the Vaults.
 24026 | D:12     | Reached skill level 6 in Shields
 24210 | D:12     | Reached skill level 12 in Armour
 24239 | D:12     | Reached skill level 7 in Shields
 24464 | D:12     | Got a bloodstained quarterstaff {@q1}
 24653 | D:12     | Reached skill level 8 in Shields
 24717 | D:12     | Identified the +2 quarterstaff "Hudole" {flame, rElec Dex+6
                  | SInv, @q1} (You found it on level 12 of the Dungeon)
 24720 | D:12     | Got a serpentine bone ring
 24721 | D:12     | Identified the ring "Mesup" {+Blink rN+ Int+6} (You found
                  | it on level 12 of the Dungeon)
 24871 | Orc      | Entered the Orcish Mines
 24899 | Orc      | Found Jaatoor's Antique Armour Shop.
 24913 | Orc      | Noticed a cacodemon
 24916 | Orc      | Gained mutation: Your body sometimes deteriorates upon
                  | taking damage. [a cacodemon]
 25072 | Orc      | Reached XP level 16. HP: 151/151 MP: 23/26
 25142 | Orc      | Reached skill level 3 in Dodging
 25252 | Orc      | Found Echaedwy's General Store.
 25270 | Orc      | Noticed Saint Roka
 25312 | Orc      | Killed Saint Roka
 25313 | Orc      | Reached skill level 4 in Dodging
 25406 | Orc      | Bought a scroll of teleportation for 39 gold pieces
 25487 | Orc      | Found Zaquabreo's General Store.
 25540 | Orc      | Found a staircase to the Elven Halls.
 25605 | Orc      | Reached skill level 13 in Armour
 25723 | Orc      | Reached skill level 5 in Dodging
 25739 | Orc      | Found Dihapt's Antique Weapon Shop.
 25824 | Orc      | Found Xolykuh's Book Emporium.
 26325 | D:4      | Bought the amulet of Jealousy {RegenMP +Inv rPois Stlth+}
                  | for 535 gold pieces
 26472 | Spider:1 | Entered Level 1 of the Spider Nest
 26722 | Spider:1 | Reached skill level 6 in Dodging
 27471 | Spider:2 | Reached skill level 15 in Invocations
 27745 | Spider:2 | Noticed Aizul
 27756 | Spider:2 | Killed Aizul
 28057 | Spider:2 | Reached skill level 16 in Invocations
 28330 | Spider:3 | Entered Level 3 of the Spider Nest
 28566 | Spider:3 | Reached skill level 17 in Invocations
 28566 | Spider:3 | Reached XP level 17. HP: 158/158 MP: 4/29
 28590 | Spider:3 | Noticed Arachne
 28629 | Spider:3 | Reached skill level 18 in Invocations
 28640 | Spider:3 | Killed Arachne
 28641 | Spider:3 | Reached skill level 6 in Throwing
 28673 | Spider:3 | Reached skill level 7 in Throwing
 29013 | Spider:3 | Reached skill level 8 in Throwing
 29549 | Spider:3 | Got a crystal flail
 29658 | Spider:3 | Identified the +6 flail "Zovoecvo" {crush, MR- Int+5
                  | Stlth+} (You found it on level 3 of the Spider Nest)
 29658 | Spider:3 | Identified a lightning rod (4/4) (You found it in a
                  | Gauntlet)
 29658 | Spider:3 | Got a gossamer rune of Zot
 29699 | Spider:3 | Identified the amulet of the Archfiend {Faith +Inv rC+ MR++
                  | Int-2} (You acquired it on level 3 of the Spider Nest)
 29865 | Swamp:1  | Entered Level 1 of the Swamp
 30089 | Swamp:1  | Reached skill level 14 in Armour
 31431 | Swamp:1  | Reached XP level 18. HP: 162/168 MP: 31/31
 31694 | Swamp:2  | Gained mutation: You occasionally shout uncontrollably at
                  | your foes. [a cacodemon]
 31695 | Swamp:3  | Entered Level 3 of the Swamp
 32133 | Swamp:2  | Found a runed translucent gate.
 32135 | Swamp:2  | Found a runed translucent gate.
 32135 | Swamp:2  | Found a runed translucent gate.
 32139 | Swamp:2  | Noticed Iffuusoj's ghost (adept MiBe)
 32139 | Swamp:2  | Noticed Ricegish's ghost (adept GnFi)
 32141 | Swamp:2  | Noticed reggie's ghost (journeyman DrWz)
 32209 | Swamp:2  | Reached skill level 17 in Fighting
 32854 | Swamp:3  | Identified the +2 leather armour of the Jabberwock {rC+}
 33007 | Swamp:3  | Identified the +3 medium shield of Ysown {Regen+ rCorr
                  | Stlth+}
 33007 | Swamp:3  | Noticed Donald
 33015 | Swamp:3  | Killed Donald
 33372 | Swamp:3  | Reached skill level 19 in Invocations
 33468 | Swamp:3  | Noticed the 27-headed Lernaean hydra
 33476 | Swamp:3  | Killed the 27-headed Lernaean hydra
 33477 | Swamp:3  | Reached skill level 9 in Shields
 33558 | Swamp:3  | Got a decaying rune of Zot
 34329 | Vaults:1 | Entered Level 1 of the Vaults
 34329 | Vaults:1 | Found Amesoff's Gadget Shoppe.
 34517 | Vaults:1 | Reached skill level 20 in Invocations
 34522 | Vaults:1 | Reached skill level 10 in Shields
 34751 | Vaults:1 | Reached skill level 11 in Shields
 34843 | Vaults:1 | Reached XP level 19. HP: 104/177 MP: 30/33
 35183 | Vaults:1 | Reached skill level 12 in Shields
 36423 | Vaults:1 | Reached skill level 13 in Shields
 36585 | Vaults:2 | Reached skill level 15 in Armour
 36931 | Vaults:2 | Found a staircase to the Crypt.
 36931 | Vaults:2 | Found a basalt altar of Yredelemnul.
 36932 | Vaults:2 | Found an ancient bone altar of Kikubaaqudgha.
 36969 | Vaults:2 | Reached skill level 9 in Throwing
 37150 | Vaults:2 | Found a magical portal.
 37158 | WizLab   | Entered Iskenderun's Mystic Tower
 37191 | WizLab   | Reached skill level 10 in Throwing
 37930 | WizLab   | Reached skill level 16 in Armour
 37930 | WizLab   | Reached XP level 20. HP: 184/184 MP: 34/34
 38105 | WizLab   | Identified Iskenderun's Guide on Attacks
 38105 | WizLab   | Identified Iskenderun's Grimoire of Grandeur
 38105 | WizLab   | Identified the Compendium of Ash
 38121 | WizLab   | Identified Hatastar's Spellweaving Continued
 38623 | Vaults:2 | Reached ****** piety under Makhleb
 39544 | Elf:1    | Entered Level 1 of the Elven Halls
 39734 | Elf:1    | Reached skill level 18 in Fighting
 40926 | Vaults:1 | Identified the +0 helmet of Moral Flaws {MR+} (You acquired
                  | it on level 1 of the Vaults)
 40926 | Vaults:1 | Identified the ring of Teur {rElec rPois rC+ Str+3} (You
                  | acquired it on level 1 of the Vaults)
 41136 | Elf:2    | Identified Pela's Guide on Summoning
 41171 | Elf:2    | Found Burapic's Gadget Shoppe.
 41175 | Elf:2    | Reached skill level 7 in Evocations
 41210 | Elf:2    | Found Plog's Magic Scroll Shoppe.
 41215 | Elf:2    | Found Xapho's Armour Shoppe.
 41215 | Elf:2    | Found Teczat's Magic Scroll Shoppe.
 41230 | Elf:2    | Bought a scroll of teleportation for 30 gold pieces
 41230 | Elf:2    | Bought a scroll of fog for 20 gold pieces
 41395 | Elf:2    | Reached skill level 11 in Throwing
 41701 | Elf:2    | Found a runed gate.
 41702 | Elf:2    | Found a runed gate.
 41702 | Elf:2    | Found a runed gate.
 41731 | Elf:2    | Reached skill level 8 in Evocations
 41835 | Elf:2    | Noticed Frances
 41841 | Elf:2    | Killed Frances
 41850 | Elf:2    | Reached skill level 12 in Throwing
 41931 | Elf:2    | Reached XP level 21. HP: 177/194 MP: 35/35
 41948 | Elf:2    | Noticed Jorgrun
 41972 | Elf:2    | Killed Jorgrun
 42867 | Lair:2   | Killed Tiareth's ghost
 42881 | Lair:2   | Identified the cursed ring "Yfinem" {Fire rPois}
 43004 | D:6      | Paralysed by a +0 short sword of chaos for 3 turns
 43015 | D:6      | Killed lukessrichardson1's ghost
 43226 | D:8      | Identified the ring "Uzxypew" {Str+6 Dex+2}
 43395 | Slime:1  | Entered Level 1 of the Pits of Slime
 43405 | Lair:5   | Reached skill level 13 in Throwing
 43497 | Slime:3  | Reached skill level 4 in Spellcasting
 43887 | Orc      | Bought the +1 pair of gauntlets of War {Slay+6} for 1501
                  | gold pieces
 43887 | Orc      | Found the +1 pair of gauntlets of War {Slay+6}
 44196 | Slime:5  | Entered Level 5 of the Pits of Slime
 44216 | Slime:5  | Reached skill level 14 in Throwing
 44692 | Slime:5  | Noticed the Royal Jelly
 44706 | Slime:5  | Killed the Royal Jelly
 44707 | Slime:5  | Reached skill level 21 in Invocations
 44712 | Slime:5  | HP: 25/194 [acid blob (25)]
 44719 | Slime:5  | HP: 18/194 [disintegration (19)]
 44719 | Slime:5  | HP: 5/194 [acid[the Royal Jelly] (6)]
 45324 | Slime:5  | Found the +5 scythe "Finisher" {speed, eviscerate}
 45336 | Slime:5  | Got a slimy rune of Zot
 45435 | Slime:5  | Identified the +2 chain mail "Ydoogit" {rElec rPois}
 45950 | D:12     | Reached skill level 17 in Armour
 45998 | Depths:1 | Entered Level 1 of the Depths
 46134 | Depths:1 | Reached XP level 22. HP: 202/202 MP: 18/36
 46985 | Crypt:1  | Entered Level 1 of the Crypt
 46999 | Crypt:1  | Paralysed by something for 4 turns
 47674 | Crypt:1  | Reached skill level 22 in Invocations
 47872 | Crypt:1  | Reached skill level 7 in Dodging
 48326 | Crypt:2  | Entered Level 2 of the Crypt
 48350 | Crypt:2  | Reached skill level 8 in Dodging
 48641 | Crypt:2  | Reached skill level 9 in Dodging
 48700 | Crypt:2  | Noticed Jory
 48706 | Crypt:2  | Identified the ring of Lefonaop {*Tele +Blink rElec MR+
                  | Str+6}
 48713 | Crypt:2  | Killed Jory
 48765 | Crypt:2  | Reached skill level 10 in Dodging
 48842 | Crypt:2  | Identified the ring "Tavvah" {rF+ rN+ Stlth+}
 48859 | Crypt:2  | Identified the ring "Gegul" {rN+ Int+6}
 48999 | Crypt:2  | Identified the ring "Carphoxzo" {rN+ Dex+3}
 49085 | Crypt:2  | Reached skill level 14 in Shields
 49287 | Crypt:2  | Found a staircase to the Tomb.
 49295 | Crypt:2  | Reached XP level 23. HP: 209/209 MP: 38/38
 49339 | Crypt:2  | Reached skill level 15 in Shields
 50007 | Vaults:3 | Entered Level 3 of the Vaults
 50223 | Vaults:3 | Reached skill level 23 in Invocations
 50258 | Vaults:3 | Identified the ring "Biweyvown" {rElec rN+ Dex+7}
 50490 | Vaults:3 | Identified the +11 hunting sling "Ekkionoe" {speed, Dex+3}
 50650 | Vaults:3 | Noticed Bai Suzhen
 50660 | Vaults:3 | Identified the cursed ring of Nenadan {+Fly rF- Str+3
                  | Stlth--}
 50663 | Vaults:3 | Reached skill level 24 in Invocations
 50663 | Vaults:3 | Killed Bai Suzhen
 50851 | Vaults:3 | Reached skill level 18 in Armour
 50923 | Vaults:3 | Reached XP level 24. HP: 216/216 MP: 39/39
 51199 | Vaults:3 | Got a silver rune of Zot
 51503 | Vaults:3 | Identified Qoim Boa's Reference Book on Protection
 51567 | Vaults:3 | Identified the ring of Feycva {Wiz rC+}
 51750 | Vaults:3 | Identified the cursed +1 spear "Xuaprimu" {venom, SInv}
 51839 | Vaults:3 | Identified the Collected Works on Shape Shifting and Snow
 51845 | Vaults:3 | Identified the Compendium of Combat Magic and Snow
 52201 | Elf:3    | Entered Level 3 of the Elven Halls
 52320 | Elf:3    | Found Imaumos's Armour Boutique.
 52354 | Elf:3    | Reached skill level 16 in Shields
 52375 | Elf:3    | Bought the +1 cloak "Rulick" {rN+ MR+} for 289 gold pieces
 52857 | Elf:3    | Reached skill level 19 in Armour
 53158 | Elf:3    | Identified Sif Muna's Handbook of Noxious Fire
 53221 | Elf:3    | Identified the +12 hunting sling of the Evening {velocity,
                  | Int+6}
 53250 | Elf:3    | Identified the +3 trident "Testudineslayer" {freeze, +Rage
                  | rN+ Stlth+}
 53752 | Depths:1 | Reached skill level 17 in Shields
 53773 | Depths:1 | Paralysed by a floating eye for 4 turns
 53862 | Depths:1 | Found Quz Fas's Food Boutique.
 53869 | Depths:1 | Found Jexug's Distillery.
 53870 | Depths:1 | Found Moschusal's Antique Weapon Boutique.
 53872 | Depths:1 | Found Imoarr's Weapon Shop.
 53878 | Depths:1 | Bought a potion of curing for 50 gold pieces
 53878 | Depths:1 | Bought a potion of haste for 200 gold pieces
 53878 | Depths:1 | Bought a potion of haste for 200 gold pieces
 53878 | Depths:1 | Bought a potion of heal wounds for 100 gold pieces
 53878 | Depths:1 | Bought a potion of heal wounds for 100 gold pieces
 53878 | Depths:1 | Bought a potion of might for 80 gold pieces
 53878 | Depths:1 | Bought a potion of agility for 80 gold pieces
 53878 | Depths:1 | Bought 2 potions of agility for 160 gold pieces
 53884 | Depths:1 | Bought an ivory broad axe for 288 gold pieces
 53884 | Depths:1 | Identified the +4 broad axe "Mueja" {elec, rN+++ Str-3
                  | Int+4 Stlth-} (You bought it in a shop on level 1 of the
                  | Depths)
 54047 | Depths:1 | Noticed Louise
 54068 | Depths:1 | Killed Louise
 54069 | Depths:1 | Reached skill level 20 in Armour
 54072 | Depths:1 | Found a one-way gate to the infinite horrors of the Abyss.
 54292 | Depths:1 | Reached XP level 25. HP: 224/224 MP: 39/39
 54331 | Depths:1 | Reached skill level 18 in Shields
 54566 | Depths:1 | Found a gateway to Hell.
 54986 | Depths:2 | Reached skill level 21 in Armour
 55351 | D:6      | Bought a scroll of enchant weapon for 105 gold pieces
 55372 | D:7      | Bought a scroll of teleportation for 45 gold pieces
 55372 | D:7      | Bought a wand of clouds (5) for 270 gold pieces
 55495 | Orc      | Bought a potion of invisibility for 88 gold pieces
 55495 | Orc      | Bought a potion of resistance for 110 gold pieces
 55495 | Orc      | Bought a potion of mutation for 88 gold pieces
 55495 | Orc      | Bought a scroll of teleportation for 33 gold pieces
 55581 | Elf:2    | Bought a scroll of enchant armour for 120 gold pieces
 55581 | Elf:2    | Bought a scroll of teleportation for 48 gold pieces
 55581 | Elf:2    | Bought a scroll of teleportation for 48 gold pieces
 55581 | Elf:2    | Bought a scroll of fog for 32 gold pieces
 55585 | Elf:2    | Bought a phantom mirror for 300 gold pieces
 55585 | Elf:2    | Bought a wand of acid (6) for 210 gold pieces
 55585 | Elf:2    | Bought a wand of iceblast (6) for 157 gold pieces
 55585 | Elf:2    | Bought a wand of iceblast (10) for 247 gold pieces
 55811 | Depths:3 | Found Foahulor's Magic Scroll Boutique.
 55838 | Depths:3 | Found a one-way gate leading to the halls of Pandemonium.
 55851 | Depths:3 | Found Ekalaehu's General Store.
 55854 | Depths:3 | Bought a potion of heal wounds for 70 gold pieces
 56021 | Depths:4 | Noticed Boris
 56041 | Depths:4 | Killed Boris
 56295 | Depths:4 | Identified the +0 pair of boots "Ywkisk" {Int+6}
 56314 | Depths:5 | Entered Level 5 of the Depths
 56669 | Depths:5 | Noticed a golden dragon
 56687 | Depths:5 | Killed a golden dragon
 56704 | Depths:5 | Reached skill level 9 in Evocations
 56785 | Depths:5 | Reached skill level 10 in Evocations
 56787 | Depths:5 | Found a gate to the Realm of Zot.
 57028 | Zot:1    | Entered Level 1 of the Realm of Zot
 57052 | Zot:1    | Reached XP level 26. HP: 224/232 MP: 39/39
 57067 | Zot:1    | Reached skill level 11 in Evocations
 57145 | Zot:1    | Identified the +3 trident of Okawaru {pierce, rF+} (You
                  | acquired it on level 1 of the Realm of Zot)
 57145 | Zot:1    | Identified the amulet of Riocos {Gourm MP+9 Int+5 SInv}
                  | (You acquired it on level 1 of the Realm of Zot)
 57173 | Zot:1    | Noticed a golden dragon
 57190 | Zot:1    | Killed a golden dragon
 57343 | Depths:3 | Bought a scroll of acquirement for 728 gold pieces
 57345 | Depths:3 | Identified the +1 triple sword of the First Souls {speed,
                  | +Blink MR- Str+3} (You acquired it on level 3 of the
                  | Depths)
 57345 | Depths:3 | Identified the amulet "Utij Ila" {Rage +Inv Str+6 Dex-2}
                  | (You acquired it on level 3 of the Depths)
 57528 | Zot:2    | Reached skill level 11 in Dodging
 57639 | Zot:4    | Found the +0 pair of fencer's gloves {Riposte Dex+6}
 57639 | Zot:4    | Noticed a golden dragon
 57664 | Zot:4    | HP: 21/232 [black draconian/bolt of lightning (41)]
 57699 | Zot:4    | HP: 15/232 [storm dragon/bolt of lightning (24)]
 57715 | Zot:4    | HP: 14/232 [storm dragon/bolt of lightning (23)]
 57765 | Zot:4    | Killed a golden dragon
 57784 | Zot:4    | Reached skill level 12 in Evocations
 57812 | Zot:4    | Reached skill level 19 in Shields
 58636 | Zot:4    | Reached skill level 25 in Invocations
 58719 | Zot:4    | Reached skill level 22 in Armour
 58719 | Zot:4    | Reached skill level 13 in Evocations
 58921 | Zot:5    | Entered Level 5 of the Realm of Zot
 59085 | Zot:5    | Noticed a golden dragon
 59109 | Zot:5    | Killed a golden dragon
 59110 | Zot:5    | Reached skill level 12 in Dodging
 59110 | Zot:5    | Reached skill level 14 in Evocations
 59123 | Zot:5    | Noticed an orb of fire
 59136 | Zot:5    | Killed an orb of fire
 59263 | Zot:5    | Reached XP level 27. HP: 238/238 MP: 39/39
 59343 | Zot:5    | Reached skill level 15 in Evocations
 59631 | Zot:5    | Reached skill level 16 in Evocations
 59651 | Zot:5    | Noticed an orb of fire
 59663 | Zot:5    | Gained mutation: Your body often deteriorates upon taking
                  | damage. [an orb of fire]
 59666 | Zot:5    | Killed an orb of fire
 59668 | Zot:5    | Noticed an orb of fire
 59673 | Zot:5    | Gained mutation: Scrolls take you a little longer to read.
                  | [an orb of fire]
 59676 | Zot:5    | Gained mutation: You are clumsy. (Dex -2) [an orb of fire]
 59680 | Zot:5    | Gained mutation: Your mind is acute. (Int +2) [an orb of
                  | fire]
 59682 | Zot:5    | Killed an orb of fire
 59683 | Zot:5    | Reached skill level 17 in Evocations
 59693 | Zot:5    | Noticed an ancient lich
 59697 | Zot:5    | Killed an ancient lich
 59734 | Zot:5    | Noticed an orb of fire
 59743 | Zot:5    | Gained mutation: You are frail. (-10% HP) [an orb of fire]
 59744 | Zot:5    | Gained mutation: Scrolls take you longer to read. [an orb
                  | of fire]
 59753 | Zot:5    | Gained mutation: You are very frail. (-20% HP) [an orb of
                  | fire]
 59759 | Zot:5    | Killed an orb of fire
 60029 | Zot:5    | Noticed a Killer Klown
 60273 | Zot:5    | Noticed a Killer Klown
 60289 | Zot:5    | Killed a Killer Klown
 60399 | Zot:5    | HP: 38/285 [electric golem (5)]
 60783 | Zot:5    | Killed a Killer Klown
 61045 | Zot:5    | Noticed a golden dragon
 61088 | Zot:5    | Killed a golden dragon
 61271 | Zot:5    | Noticed a Killer Klown
 61278 | Zot:5    | Killed a Killer Klown
 61326 | Zot:5    | Noticed an ancient lich
 61331 | Zot:5    | Killed an ancient lich
 61722 | Zot:5    | Reached skill level 13 in Dodging
 62034 | Zot:5    | Noticed an ancient lich
 62049 | Zot:5    | Killed an ancient lich
 62050 | Zot:5    | Reached skill level 20 in Shields
 62214 | Zot:5    | Noticed an ancient lich
 62219 | Zot:5    | Killed an ancient lich
 62220 | Zot:5    | Reached skill level 26 in Invocations
 62258 | Zot:5    | Got the Orb of Zot
 62401 | Zot:3    | Noticed a seraph
 62817 | D:$      | Escaped with the Orb!

Skill      XL: |  1  2  3  4  5  6  7  8  9 10 11 12 13 14 15 16 17 18 19 20 21 22 23 24 25 26 27 |
---------------+----------------------------------------------------------------------------------+-----
Fighting       | 2 3 4 5 6 7 9 10 11 13 15 16 17 18 | 18.0
Armour         | 2 3 4 5 6 7 8 9 10 12 13 14 16 17 18 20 21 22 | 22.9
Throwing       | 1 2 3 5 8 10 12 14 | 14.0
Shields        | 2 4 8 11 13 14 15 17 18 19 20 | 20.1
Spellcasting   | 3 4 |  4.0
Charms         | 4 5 |  5.0
Evocations     | 3 6 8 10 14 17 | 17.0
Invocations    | 6 8 10 12 14 17 18 20 21 22 24 25 26 | 26.1
Dodging        | 6 10 12 13 | 13.3
Short Blades   | | 18.0
Long Blades    | | 18.0
Axes           | | 18.0
Maces & Flails | | 18.0
Polearms       | | 18.0
Staves         | | 18.0
Stealth        | |  2.6
Unarmed Combat | | 18.0

Action                   |  1- 3 |  4- 6 |  7- 9 | 10-12 | 13-15 | 16-18 | 19-21 | 22-24 | 25-27 || total
-------------------------+-------+-------+-------+-------+-------+-------+-------+-------+-------++-------
Melee: Whip              |    62 |       |       |       |       |       |       |       |       ||    62
       Rapier            |    45 |    34 |       |       |       |       |       |       |       ||    79
       Short sword       |       |   113 |   235 |    67 |       |       |       |       |       ||   415
       Punch             |       |     1 |     1 |       |       |       |       |       |       ||     2
       Scimitar          |       |       |    80 |   218 |       |       |       |       |       ||   298
       Double sword      |       |       |       |   213 |  1052 |  1138 |  1205 |       |   150 ||  3758
       Unarmed           |       |       |       |       |    43 |    38 |     3 |       |       ||    84
       Broad axe         |       |       |       |       |       |       |   261 |  1328 |  1076 ||  2665
       Scythe            |       |       |       |       |       |       |    51 |       |       ||    51
 Fire: Blowgun           |     8 |     4 |    44 |    11 |       |       |       |       |       ||    67
Throw: Tomahawk          |     2 |    23 |    45 |    94 |    50 |    60 |    56 |       |       ||   330
       Javelin           |       |       |       |       |     5 |       |   144 |    18 |    91 ||   258
 Cast: Infusion          |       |       |     5 |     5 |     3 |     1 |       |       |       ||    14
Invok: Minor Destruction |       |       |       |     9 |    22 |       |       |       |       ||    31
       Hew               |       |       |       |     3 |    45 |    26 |    21 |     9 |    17 ||   121
       Major Destruction |       |       |       |       |     3 |    10 |     1 |    15 |       ||    29
       Greater Servant o |       |       |       |       |     2 |    17 |    10 |    10 |     8 ||    47
 Abil: Evoke Invisibilit |       |       |       |       |       |     1 |     3 |       |     9 ||    13
Evoke: Wand              |       |       |       |     1 |     2 |    11 |     1 |     1 |    23 ||    39
       Lamp of fire      |       |       |       |       |     1 |     3 |       |     1 |     1 ||     6
  Use: Scroll            |     2 |     2 |     8 |    11 |    18 |     8 |    14 |     7 |    17 ||    87
       Potion            |       |     1 |     4 |       |     5 |     4 |    12 |       |    20 ||    46
 Stab: Sleeping          |     2 |       |       |     1 |       |       |       |       |       ||     3
       Paralysed         |       |       |       |     4 |       |     3 |       |       |     7 ||    14
       Invisible         |       |       |       |       |       |    11 |    15 |       |    39 ||    65
       Distracted        |       |       |       |       |       |     7 |     1 |     7 |       ||    15
       Confused          |       |       |       |       |       |     1 |       |     1 |       ||     2
  Eat: Chunk             |     6 |     9 |    18 |    33 |    55 |    47 |    45 |    33 |    22 ||   268
       Ration            |       |       |     2 |     1 |     3 |     2 |     8 |     5 |    10 ||    31
Armor: Robe              |    51 |    11 |       |       |       |       |       |       |       ||    62
       Chain mail        |       |    50 |    65 |       |       |     1 |       |       |       ||   116
       Leather armour    |       |       |    55 |   120 |       |       |       |       |       ||   175
       Plate armour      |       |       |       |    97 |   713 |   870 |   573 |   696 |   595 ||  3544
       Skin              |       |       |       |     1 |       |       |       |       |       ||     1
Dodge: Dodged            |    57 |    58 |   110 |   142 |   263 |   335 |   289 |   246 |   309 ||  1809
Block: Buckler           |       |       |    47 |   156 |   490 |   519 |       |       |       ||  1212
       Reflection        |       |       |       |       |    34 |    16 |       |       |       ||    50
       Medium shield     |       |       |       |       |       |   158 |   991 |   847 |   936 ||  2932

Levels and vault maps discovered:
D:1:      lightli_arrival_boilingwater, layout_loops_ring
D:2:      layout_basic, grunt_temple_overflow_order_and_chaos_1,
          amcnicky_mini_pool_small, dk_vineyard_1, uniq_crazy_yiuf_cottage
D:3:      minmay_angry_zag, layout_loops_corners, lemuel_crystal_altar,
          first_ration, serial_glass, glass_columns_a, glass_columns_c,
          due_unseen_surprise, item_on_display_a, minmay_strange_pillars
D:4:      layout_loops_ring, serial_shops, shop
D:5:      layout_rooms, uniq_eustachio, uniq_sigmund
D:6:      layout_cave_pools, serial_shops, shop_statue, shop_fountains,
          ebering_ghost_xom, nicolae_tso_swordbearing_angel
D:7:      layout_loops_ring, nemelex_xobeh_ov_fountains_minmay,
          minmay_temple_entry_from_below_a, serial_shops,
          nicolae_shop_window_shopping, uniq_duvessa, uniq_joseph
D:8:      gammafunk_the_bubble [the_bubble_gammafunk_crates],
          layout_loops_corners, overflow_temple_1_default, lemuel_crystal_altar
D:9:      minmay_s_stair_smasher, layout_gridville, lemuel_doored_altar,
          david_lair_generic, grunt_ogre_cave
D:10:     layout_basic, uniq_gastronok
D:11:     layout_cave_pools, minmay_orc_entry_guard_dogs, dk_noncrumbling_2,
          uniq_nergalle
D:12:     hangedman_depths_entry_civil_slaughter, layout_rooms,
          lightli_vaults_fourway_checkpoint, minmay_evil_grid
Temple:   eino_temple_scatter_basement
Lair:1:   layout_hall_layers, grunt_forest_large_clearings
Lair:2:   mu_elephants_graveyard, layout_chaotic_city,
          nicolae_spider_entry_non_spiders, gammafunk_ghost_icy,
          beast_lair_carwin_3
Lair:3:   layout_cave_shapes, swamp_mist, lemuel_centaur_altar
Lair:4:   layout_regular_city, gauntlet_entry_generic, grunt_megastairs_2,
          minmay_lair_oklob_chamber
Lair:5:   layout_regular_city, slime_altar_1, minivault_19,
          chequers_serial_rivers_micro_d, uniq_josephine
Lair:6:   due_jungle_book, layout_gridlike
Swamp:1:  layout_basic_swamp, evilmike_swamp_ruin_house_3
Swamp:2:  layout_basic_swamp, gammafunk_ghost_cemetery,
          evilmike_swamp_ruin_house_5, swamp_pool1,
          nicolae_swamp_orc_logging_accident, st_swamp_mini
Swamp:3:  swamp_old_school, layout_basic_swamp, uniq_donald
Spider:1: layout_spider_delve
Spider:2: layout_spider_delve, nicolae_spider_webs_and_nodes,
          nicolae_looking_at_the_future, nicolae_spider_cling_ruins, uniq_aizul
Spider:3: johnstein_spider_rune_arachne_lair, nicolae_spider_webbed_stairs
Slime:1:  layout_caves
Slime:2:  cheibrodos_slime_lost_civilization_8, layout_caves
Slime:3:  layout_caves
Slime:4:  layout_caves, cheibrodos_slime_lost_civilization_7
Slime:5
Orc:      grunt_orc_gardens, layout_diamond_mine, grunt_orc_garden,
          grunt_orc_garden, grunt_orc_garden, grunt_orc_garden, serial_shops,
          nicolae_shop_competitors_out_of_business, uniq_saint_roka
Elf:1:    minmay_elf_arrival_circle, layout_geoelf_diagonals, serial_sigils,
          serial_sigils_hangedman_confine, serial_sigils_hangedman_gnaw,
          serial_sigils_hangedman_leer, serial_sigils_hangedman_gut,
          serial_sigils_hangedman_stare, serial_sigils_hangedman_writhe
Elf:2:    nicolae_elf_blades_crystal_corner, layout_geoelf_grid, spider_trap,
          minmay_shop_grid_forest, uniq_frances, uniq_jorgrun
Elf:3:    minmay_elf_hall_not_hex, layout_loops_corners, serial_shops, shop
Vaults:1: vaults_mumra_bighexcomb, v_misc_32, vaults_dpeg_encased_lava,
          ontoclasm_vaults_ring_square, ontoclasm_vaults_idyll,
          vaults_standard_mumra_x, grunt_vaults_trifunnel, vaults_mumra_hex,
          nicolae_vaults_network_quincunx
          [nicolae_vaults_network_quincunx_subvault,
          nicolae_vaults_network_quincunx_subvault,
          nicolae_vaults_network_quincunx_subvault,
          nicolae_vaults_network_quincunx_subvault,
          nicolae_vaults_network_quincunx_subvault], vaults_dpeg_cross,
          vaults_room_pool, nicolae_vaults_gold_heap, layout_vaults_omnigrid,
          serial_shops, shop
Vaults:2: nicolae_vaults_little_squares_6, ontoclasm_vaults_bender,
          nicolae_vaults_network_square, minmay_crypt_entry_necro_gods,
          nicolae_vaults_stairing_the_circle, v_misc_14,
          nicolae_vaults_an_arrangement, hangedman_vaults_corner_blocks,
          v_misc_22, ontoclasm_vaults_shuriken, nicolae_vaults_circle_grid_b,
          v_alt_pattern_2, grunt_vaults_focal, vaults_room_door_ring,
          vaults_dpeg_ring, layout_vaults_big_room, mu_enter_wizlab_1
Vaults:3: uniq_bai_suzhen
Crypt:1:  layout_gridlike, eino_tiny_chamber, minmay_misc_feat_hallway,
          grunt_ministairs_10, nicolae_crypt_ancient_font, chequers_big_river
Crypt:2:  due_elkab, layout_chaotic_city, minicrypt_bobbens
Depths:1: layout_gridlike, nicolae_abyss_entry_one_way_or_another,
          grunt_decor_resistance, hell_entry, onia_ninara_cookie,
          minmay_shoptagon
Depths:2: grunt_double_whammy, layout_cave_shapes, enter_ziggurat_d, pan_entry,
          infiniplex_staircase_pool_2, hell_entry, grunt_ministairs_6
Depths:3: thingy_vault_2, layout_gridlike, hell_entry, hangedman_decor_opposing,
          serial_shops, shop, nicolae_shop_competitors_out_of_business,
          ebering_ghost_rock_garden, pan_entry, minmay_staircase_windowed_small,
          minmay_shop_star, uniq_asterion
Depths:4: minmay_the_grid_octo_tiled_octocenter_mashed
          [minmay_the_grid_octo_concentric,
          minmay_the_grid_octo_tetromino_candy,
          minmay_the_grid_octo_fat_diamond, minmay_the_grid_octo_shrine,
          minmay_the_grid_octo_prize_big_c, minmay_the_grid_square_5x5_z,
          minmay_the_grid_square_5x5_percent, minmay_the_grid_square_5x5_corner,
          minmay_the_grid_square_5x5_two], layout_cave_pools, hell_entry,
          rand_demon_pan_entry_3, roderic_lattice_a, marbit_kobold_abyss_entry,
          uniq_boris
Depths:5: grunt_zot_entry_bicorn, layout_gridlike, pan_entry,
          nicolae_trove_entry_diagonal, minmay_misc_feat_four_crosses,
          abyss_entry_crystal, grunt_mini_vestibule
Zot:1:    layout_gridville, st_stairs_13
Zot:2:    layout_cathedral_of_symmetry
Zot:3:    layout_gridlike, hangedman_swamp_dais
Zot:4:    layout_cathedral_of_symmetry, grunt_megastairs_3
Zot:5:    layout_basic, hangedman_zot_decor_checkerboard, grunt_ministairs_9

Table legend:
 A = Turns spent in this place as a percentage of turns spent in the entire game.
 B = Non-inter-level travel turns spent in this place as a percentage of non-inter-level travel turns spent in the entire game.
 C = Inter-level travel turns spent in this place as a percentage of turns spent in this place.
 D = Turns resting spent in this place as a percentage of non-inter-level travel turns spent in this place.
 E = Turns spent auto-exploring this place as a percentage of non-inter-level travel turns spent in this place.
 F = Non-inter-level travel turns spent in this place divided by the number of levels of this place that you've seen.
                   A       B       C       D       E      F
               +-------+-------+-------+-------+-------+----------------------
         Total | 100.0 | 100.0 |  13.5 |  18.4 |  50.2 | 1065.6
       Dungeon |  28.2 |  26.9 |  17.5 |  17.9 |  55.3 | 1216.6
        Temple |   0.4 |   0.4 |  18.5 |   0.0 |  98.2 | 221.0
          Lair |  15.5 |  14.6 |  18.6 |  12.5 |  58.7 | 1322.5
         Swamp |   6.2 |   6.6 |   8.1 |  17.4 |  56.6 | 1200.0
   Spider Nest |   5.1 |   5.7 |   2.9 |  13.0 |  60.8 | 1031.7
    Slime Pits |   2.8 |   3.1 |   4.5 |  51.2 |   1.5 | 338.2
  Orcish Mines |   2.7 |   2.0 |  36.9 |   8.2 |  59.4 | 1081.0
   Elven Halls |   6.8 |   6.8 |  13.8 |   6.1 |  64.6 | 1228.3
        Vaults |  10.6 |  10.7 |  12.7 |   5.5 |  58.8 | 1939.0
         Crypt |   4.7 |   5.3 |   3.6 |  16.8 |  44.7 | 1437.5
        Depths |   5.4 |   5.0 |  19.8 |   7.4 |  42.0 | 540.4
           Zot |   8.3 |   9.2 |   3.5 |  51.7 |  15.9 | 1004.4
        Wizlab |   1.7 |   1.9 |   0.0 |  35.3 |  25.0 | 1044.0
      Gauntlet |   1.6 |   1.8 |   0.0 |  19.3 |  49.3 | 979.0
               +-------+-------+-------+-------+-------+----------------------

Table legend:
 A = Kills in this place as a percentage of kills in entire the game.
 B = Kills by you in this place as a percentage of kills by you in the entire game.
 C = Kills by friends in this place as a percentage of kills by friends in the entire game.
 D = Other kills in this place as a percentage of other kills in the entire game.
 E = Experience gained in this place as a percentage of experience gained in the entire game.
 F = Experience gained in this place divided by the number of levels of this place that you have seen.
                   A       B       C       D       E      F
               +-------+-------+-------+-------+-------+----------------------
         Total | 100.0 | 100.0 | 100.0 | 100.0 | 100.0 | 29056.3
       Dungeon |  17.7 |  19.1 |   2.0 |   0.0 |   4.8 | 5888.8
          Lair |  10.3 |  11.1 |   0.0 |  23.1 |   4.7 | 11581.8
         Swamp |   7.2 |   5.5 |  28.9 |   0.0 |   5.2 | 25704.7
   Spider Nest |   7.3 |   6.5 |  17.8 |   0.0 |   4.6 | 22854.7
    Slime Pits |   4.8 |   5.2 |   0.0 |   0.0 |   5.1 | 15200.4
  Orcish Mines |   3.2 |   2.1 |  14.5 |  15.4 |   1.3 | 19422.0
   Elven Halls |   6.7 |   6.7 |   5.3 |  23.1 |   8.0 | 39667.0
        Vaults |  14.3 |  13.8 |  20.4 |  15.4 |  16.2 | 79838.3
         Crypt |   8.7 |   8.9 |   7.2 |   0.0 |   9.3 | 68969.5
        Depths |  10.4 |  11.3 |   0.0 |   7.7 |  13.3 | 39544.4
           Zot |   7.1 |   7.4 |   3.9 |   7.7 |  25.0 | 74169.2
        Wizlab |   1.6 |   1.7 |   0.0 |   7.7 |   2.0 | 28962.0
      Gauntlet |   0.6 |   0.6 |   0.0 |   0.0 |   0.4 | 6628.0
               +-------+-------+-------+-------+-------+----------------------
